 Dungeon Crawl Stone Soup version 0.25-a0-651-g8c222c7a2b (webtiles) character file.

Game seed: 2839163593813331745, levelgen mode: deterministic

403 An17 the Digger (level 6, -11/46 HPs)
             Began as a Demigod Earth Elementalist on Mar 22, 2020.
             Killed from afar by Pikel (14 damage)
             ... with a burst of metal fragments
             ... on level 4 of the Dungeon.
             The game lasted 00:10:12 (2654 turns).

An17 the Digger (Demigod Earth Elementalist)        Turns: 2654, Time: 00:10:13

Health: -11/46     AC:  3    Str: 11    XL:     6   Next: 29%
Magic:  6/23       EV: 12    Int: 23    God:
Gold:   134        SH:  0    Dex: 16    Spells: 0/11 levels left

rFire    + . .     SeeInvis .   m - +1 trident "Agho Egi" {drain, rF+ MP+9}
rCold    . . .     Gourm    .   (no shield)
rNeg     . . .     Faith    .   g - +0 leather armour
rPois    .         Spirit   .   (no helmet)
rElec    .         Reflect  .   (no cloak)
rCorr    .         Harm     .   (no gloves)
MR       .....                  (no boots)
Stlth    ++........             (no amulet)
HPRegen  0.15/turn              (no ring)
MPRegen  0.18/turn              (no ring)

@: no status effects
A: high mp 1
a: no special abilities


You were on level 4 of the Dungeon.
You were very hungry.

You visited 1 branch of the dungeon, and saw 4 of its levels.

You collected 134 gold pieces.

Inventory:

Hand Weapons
 e - a +3 mace
 m - the +1 trident "Agho Egi" (weapon) {drain, rF+ MP+9}
   (You found it on level 4 of the Dungeon)

   A truly terrible weapon, it drains the life of those it strikes.
   It protects you from fire.
   It affects your magic capacity (+9).
Missiles
 b - 49 stones (quivered)
 i - a throwing net
Armour
 g - a +0 leather armour (worn)
Scrolls
 d - a scroll of remove curse
Potions
 a - a potion of resistance
 c - 4 potions of ambrosia
 f - a potion of curing {unknown}
 h - a potion of mutation {unknown}
 k - 2 potions of haste {unknown}
 l - a potion of stabbing {unknown}
Comestibles
 j - 4 rations


   Skills:
 + Level 0.9 Fighting
 + Level 2.0 Maces & Flails
 + Level 1.1 Armour
 + Level 2.3 Dodging
 - Level 2.5 Stealth
 + Level 3.4 Spellcasting
 + Level 0.3 Conjurations
 + Level 0.8 Transmutations
 + Level 4.4 Earth Magic


You couldn't memorise any spells.
You knew the following spells:

 Your Spells              Type           Power        Failure   Level  Hunger
a - Sandblast             Erth           ###...       2%          1    None
b - Passwall              Tmut/Erth      ###.....     8%          2    ##.....
c - Stone Arrow           Conj/Erth      ##....       17%         3    ###....
d - Lee's Rapid Deconstr  Erth           ###.......   54%         5    ######.

Your spell library contained the following spells:

 Spells                   Type           Power        Failure   Level  Hunger
 Petrify                  Tmut/Erth      ###.....     45%         4    ####...


Dungeon Overview and Level Annotations

Branches:
Dungeon (4/15)
 Temple: D:4-7

Annotations:
D:4 Pikel


Innate Abilities, Weirdness & Mutations

You have an increased reservoir of magic. (+10% MP)


Message History

* * * LOW HITPOINT WARNING * * *
The burst of metal fragments misses you. x2
Unknown command.
Casting: Sandblast (safe; 2% risk of failure)
Confirm with . or Enter, or press ? or * to list all spells.
Aiming: Sandblast (safe; 2% risk of failure)
Press: ? - help, Shift-Dir - straight line, f/p - Pikel
Aim: Pikel, wielding a +2 whip of flaming, wearing a +0 robe and carrying a wand of scattershot (4) (severely wounded)
The blast of sand misses Pikel.
The blast of sand hits the slave!
The slave is heavily wounded.
b - 49 stones Pikel zaps a wand.
The burst of metal fragments misses you. x3
The burst of metal fragments hits you but does no damage.
The burst of metal fragments misses you.
The burst of metal fragments hits you!
* * * LOW HITPOINT WARNING * * *
The burst of metal fragments hits you but does no damage.
The burst of metal fragments hits you!
You die... #.####...# .# ####.# #...# #.# ##....# #...# ##... #.....######## #ppp

#........#. #K.#
###.#........
#p.#
###...(.#####..
#..######...#####
#..
#####.##pK@...#.#
#..
#.....p.p####...#
##. ....##.#####
#...##########>
%# ##
#...#..........
#.....#########
#...### #...#
#...# #...#


You could see Pikel and 3 slaves.

Vanquished Creatures
  A phantom (D:4)
  A howler monkey (D:4)
  An orc priest (D:4)
  An orc wizard (D:3)
  A centaur skeleton (D:4)
  3 worker ants (D:4)
  3 adders
  2 oozes (D:1)
  A worm (D:2)
  5 dart slugs
  7 orcs
  3 giant cockroaches
  4 goblins
  9 hobgoblins
  3 jackals (D:1)
  2 kobolds
  4 quokkas
  4 ball pythons
  A ball python skeleton (D:4)
  2 bats
  8 frilled lizards
  A quokka skeleton (D:4)
  9 rats
76 creatures vanquished.

Vanquished Creatures (others)
  A slave (D:4)
  A giant cockroach (D:2)
2 creatures vanquished.

Grand Total: 78 creatures vanquished

Notes
Turn   | Place    | Note
-------+----------+-------------------------------------------
     0 | D:1      | An17 the Demigod Earth Elementalist began the quest for the
                  | Orb.
     0 | D:1      | Reached XP level 1. HP: 14/14 MP: 5/5
   121 | D:1      | Reached skill level 3 in Earth Magic
   258 | D:1      | Reached XP level 2. HP: 20/20 MP: 5/7
   268 | D:1      | Learned a level 2 spell: Passwall
   529 | D:1      | Reached XP level 3. HP: 23/26 MP: 6/8
   534 | D:1      | Learned a level 3 spell: Stone Arrow
   924 | D:2      | Found a radiant altar of Vehumet.
   965 | D:2      | Found an opulent altar of Gozag.
  1389 | D:2      | Reached XP level 4. HP: 33/33 MP: 10/10
  1689 | D:3      | Found an ancient bone altar of Kikubaaqudgha.
  1691 | D:3      | Found a blossoming altar of Fedhas.
  2299 | D:3      | Reached skill level 1 in Maces & Flails
  2409 | D:4      | Reached XP level 5. HP: 33/39 MP: 1/12
  2491 | D:4      | Reached skill level 4 in Earth Magic
  2508 | D:4      | Found a hazy altar of Hepliaklqana.
  2555 | D:4      | Noticed a phantom
  2576 | D:4      | Got a faintly glowing trident
  2577 | D:4      | Identified the +1 trident "Agho Egi" {drain, rF+ MP+9} (You
                  | found it on level 4 of the Dungeon)
  2584 | D:4      | Killed a phantom
  2584 | D:4      | Reached skill level 1 in Armour
  2584 | D:4      | Reached XP level 6. HP: 32/46 MP: 2/13
  2591 | D:4      | Learned a level 5 spell: Lee's Rapid Deconstruction
  2642 | D:4      | Noticed Pikel
  2654 | D:4      | Killed from afar by Pikel

Levels and vault maps discovered:
D:1:      nicolae_arrival_memento_mori, layout_loops_corners,
          hangedman_decor_growths
D:2:      layout_loops_corners, nicolae_gozag_seed_capital, fiery_altar_vehumet
D:3:      layout_basic, grunt_temple_overflow_growth_and_decay
D:4:      layout_rooms, lemuel_coloured_pillars_altar, first_ration, uniq_pikel

Skill      XL: |  1  2  3  4  5  6 |
---------------+-------------------+-----
Earth Magic    | 3 4 |  4.4
Spellcasting   | 2 3 |  3.4
Stealth        | 2 |  2.5
Dodging        | 2 |  2.3
Maces & Flails | 1 2 |  2.0
Armour         | 1 |  1.1
Fighting       | |  0.9
Conjurations   | |  0.3
Transmutations | |  0.8

Action                   |  1- 3 |  4- 6 || total
-------------------------+-------+-------++-------
Melee: Mace              |    30 |    44 ||    74
       Trident           |       |     3 ||     3
 Cast: Sandblast         |    40 |    42 ||    82
       Stone Arrow       |     3 |     3 ||     6
  Use: Scroll            |     6 |     1 ||     7
 Stab: Sleeping          |       |     3 ||     3
  Eat: Ration            |     1 |       ||     1
       Chunk             |       |     2 ||     2
Armor: Robe              |     6 |       ||     6
       Leather armour    |     3 |    24 ||    27
Dodge: Dodged            |    31 |    56 ||    87

Table legend:
 A = Non-vault XP
 B = Vault XP
 C = Vault XP percentage of total XP
 D = Non-vault monster count
 E = Vault monster count
 F = Vault count percentage of total count
                 A         B        C        D         E       F
            +---------+---------+-------+---------+---------+-------
      Total |     576 |       0 |   0.0 |      76 |       0 |   0.0
            +---------+---------+-------+---------+---------+-------
        D:1 |      55 |       0 |   0.0 |      22 |       0 |   0.0
        D:2 |      67 |       0 |   0.0 |      24 |       0 |   0.0
        D:3 |      70 |       0 |   0.0 |      12 |       0 |   0.0
        D:4 |     384 |       0 |   0.0 |      18 |       0 |   0.0
            +---------+---------+-------+---------+---------+-------
